 Dungeon Crawl Stone Soup version 0.23-a0-488-g5fd82c5 (webtiles) character file.

28 Leeroy the Thaumaturge (level 3, 0/25 HPs)
             Began as a Gnoll Wanderer on Dec 1, 2018.
             Slain by a goblin
             ... wielding a +0 club
             ... led by Robin
              (7 damage)
             ... on level 2 of the Dungeon.
             The game lasted 00:05:18 (872 turns).

Leeroy the Thaumaturge (Gnoll Wanderer)              Turns: 872, Time: 00:05:19

Health: 0/25       AC:  2    Str: 12    XL:     3   Next: 14%
Magic:  1/13       EV: 11    Int: 18    God:
Gold:   35         SH:  0    Dex: 13    Spells: 17/20 levels left

rFire    . . .     SeeInvis .   l - +0 short sword
rCold    . . .     Gourm    .   (no shield)
rNeg     . . .     Faith    .   c - +0 robe
rPois    .         Spirit   .   (no helmet)
rElec    .         Reflect  .   (no cloak)
rCorr    .         Harm     .   (no gloves)
MR       .....                  (no boots)
Stlth    +++.......             (no amulet)
HPRegen  0.08/turn              (no ring)
MPRegen  0.13/turn              (no ring)

@: no status effects
A: distributed training, fangs 1, strong nose
a: no special abilities


You were on level 2 of the Dungeon.
You were not hungry.

You visited 1 branch of the dungeon, and saw 2 of its levels.

You collected 35 gold pieces.

Inventory:

Hand Weapons
 d - a +0 dagger
 e - a +0 whip
 g - a +0 dagger
 h - a +0 dagger
 i - a +0 dagger
 l - a +0 short sword (weapon)
 o - a +0 whip
 p - a +0 hunting sling
 t - a +0 hand axe
 w - a cursed +0 hand axe
Missiles
 k - 36 stones (quivered)
 u - 19 arrows
Armour
 c - a +0 robe (worn)
Jewellery
 b - an uncursed ring of fire {unknown}
 q - a cursed ring of teleportation {unknown}
Wands
 s - a wand of acid (6)
Scrolls
 a - 3 scrolls of blinking {unknown}
 r - 2 scrolls of identify {unknown}
Potions
 j - a potion of heal wounds {unknown}
 m - a potion of mutation {unknown}
 v - a potion of haste {unknown}
Comestibles
 f - 2 rations


   Skills:
 + Level 0.6 Fighting
 + Level 0.6 Short Blades
 + Level 0.6 Long Blades
 + Level 0.6 Axes
 + Level 0.6 Maces & Flails
 + Level 0.6 Polearms
 + Level 0.6 Staves
 + Level 0.6 Slings
 + Level 0.6 Bows
 + Level 0.6 Crossbows
 + Level 0.6 Throwing
 + Level 0.6 Armour
 + Level 0.6 Dodging
 + Level 4.1 Stealth
 + Level 0.6 Shields
 + Level 0.6 Unarmed Combat
 + Level 9.2 Spellcasting
 + Level 0.4 Conjurations
 + Level 0.4 Hexes
 + Level 0.4 Charms
 + Level 0.4 Summonings
 + Level 0.4 Necromancy
 + Level 0.4 Translocations
 + Level 2.1 Transmutations
 + Level 0.4 Fire Magic
 + Level 5.4 Ice Magic
 + Level 0.4 Air Magic
 + Level 0.4 Earth Magic
 + Level 0.4 Poison Magic
 + Level 0.8 Invocations
 + Level 0.6 Evocations


You had 17 spell levels left.
You knew the following spells:

 Your Spells              Type           Power        Failure   Level  Hunger
a - Freeze                Ice            ####         1%          1    None
b - Throw Frost           Conj/Ice       ###...       3%          2    None

Your spell library contained the following spells:

 Spells                   Type           Power        Failure   Level  Hunger
 Beastly Appendage        Tmut           ###...       3%          1    None
 Ozocubu's Armour         Chrm/Ice       ###.....     8%          3    None
 Ignite Poison            Fire/Tmut/Pois ##......     17%         3    None
 Summon Ice Beast         Ice/Summ       ###.....     26%         4    ###....
 Throw Icicle             Conj/Ice       ###.....     26%         4    ###....


Dungeon Overview and Level Annotations

Branches:
Dungeon (2/15)

Altars:

Annotations:
D:2 Robin


Innate Abilities, Weirdness & Mutations

Your experience applies equally to all skills.
You have very sharp teeth.
Your uncanny sense of smell can sniff out nearby items.


Message History

The goblin is moderately wounded.
Robin roars a battlecry!
The goblins go into a battle-frenzy!
You hear a shout!
A goblin and a hobgoblin come into view.
The hobgoblin misses you. The goblin barely misses you.
Robin hits you from afar with a +0 spear.
* * * LOW HITPOINT WARNING * * *
A goblin comes into view. It is wielding a +0 dagger.
The goblin moves out of view.
Casting: Throw Frost (safe; 3% risk of failure)
Confirm with . or Enter, or press ? or * to list all spells.
Aiming: Freeze (safe; 1% risk of failure)
Press: ? - help, Shift-Dir - straight line, f - goblin
Aim: a goblin, wielding a +0 club (unusually strong)
You freeze the goblin.
You kill the goblin!
The goblin shouts!
The goblin hits you with a +0 club!
You die...

####### #.....#
#.###.# #.# #.# #.#
#.# ###########.###.#
.#....g........#.#
.g.g...)>###.#.#.####
.#.###.#@g.#.#.#....#
#.#.g##.#.####.#
#.#..##.#.####.#
#.#<....#.##...#
#.#######.##.### #.∆
#....# ∆ .. ######


You could see Robin, 2 hobgoblins and 2 goblins.

Vanquished Creatures
  A dart slug (D:2)
  A leopard gecko (D:1)
  2 giant cockroaches (D:1)
  8 goblins
  2 hobgoblins (D:1)
  4 bats (D:1)
  3 kobolds (D:1)
  A rat (D:1)
22 creatures vanquished.

Notes
Turn   | Place    | Note
-------+----------+-------------------------------------------
     0 | D:1      | Reached skill level 9 in Spellcasting
     0 | D:1      | Leeroy the Gnoll Wanderer began the quest for the Orb.
     0 | D:1      | Leeroy set off with the following items: a +0 robe, a +0
                  | dagger, a ration; and the following spells available to
                  | memorise: Freeze, Beastly Appendage, Throw Frost, Ozocubu's
                  | Armour, Ignite Poison, Summon Ice Beast, Throw Icicle
     0 | D:1      | Reached XP level 1. HP: 13/13 MP: 10/10
     2 | D:1      | Learned a level 1 spell: Freeze
   187 | D:1      | Reached XP level 2. HP: 8/19 MP: 12/12
   194 | D:1      | Learned a level 2 spell: Throw Frost
   857 | D:2      | Reached XP level 3. HP: 21/25 MP: 8/13
   857 | D:2      | Noticed Robin
   872 | D:2      | Slain by a goblin

Vault maps used:
D:1:      lemuel_arrival_room, chequers_arboretum, minmay_door_square,
          minivault_5
D:2:      elyvilon_altar_4, marbit_many_paths, first_ration, uniq_robin

Skill      XL: |  1 |
---------------+----+-----
Spellcasting   | |  9.2
Transmutations | 2 |  2.1
Fighting       | |  0.6
Short Blades   | |  0.6
Long Blades    | |  0.6
Axes           | |  0.6
Maces & Flails | |  0.6
Polearms       | |  0.6
Staves         | |  0.6
Slings         | |  0.6
Bows           | |  0.6
Crossbows      | |  0.6
Throwing       | |  0.6
Armour         | |  0.6
Dodging        | |  0.6
Stealth        | |  4.1
Shields        | |  0.6
Unarmed Combat | |  0.6
Conjurations   | |  0.4
Hexes          | |  0.4
Charms         | |  0.4
Summonings     | |  0.4
Necromancy     | |  0.4
Translocations | |  0.4
Fire Magic     | |  0.4
Ice Magic      | |  5.4
Air Magic      | |  0.4
Earth Magic    | |  0.4
Poison Magic   | |  0.4
Invocations    | |  0.8
Evocations     | |  0.6

Action                   || total
-------------------------++-------
Melee: Dagger            ||    16
       Short sword       ||    20
       Bite              ||     2
 Cast: Freeze            ||     7
       Throw Frost       ||     9
 Stab: Sleeping          ||     3
Armor: Robe              ||     4
Dodge: Dodged            ||    31

Table legend:
 A = Non-vault XP
 B = Vault XP
 C = Vault XP percentage of total XP
 D = Non-vault monster count
 E = Vault monster count
 F = Vault count percentage of total count
                 A         B        C        D         E       F
            +---------+---------+-------+---------+---------+-------
      Total |      30 |      11 |  26.8 |      16 |       6 |  27.3
            +---------+---------+-------+---------+---------+-------
        D:1 |      26 |       0 |   0.0 |      15 |       0 |   0.0
        D:2 |       4 |      11 |  73.3 |       1 |       6 |  85.7
            +---------+---------+-------+---------+---------+-------
